 Dungeon Crawl Stone Soup version 0.26-a0-597-gb535b0901c (webtiles) character file.

Game seed: 15540880094335365378

13 dvd2 the Ducker (level 2, -2/22 HPs)
             Began as a Vampire Gladiator on Aug 25, 2020.
             Killed from afar by Natasha (7 damage)
             ... with a magic dart
             ... on level 2 of the Dungeon.
             The game lasted 00:00:52 (842 turns).

dvd2 the Ducker (Vampire Gladiator)                  Turns: 842, Time: 00:00:53

Health: -2/22      AC:  4    Str: 13    XL:     2   Next: 24%
Magic:  2/2        EV: 13    Int: 10    God:
Gold:   54         SH:  0    Dex: 15    Spells: 1/1 levels left

rFire    . . .     SeeInvis +   a - +0 long sword
rCold    . . .     Faith    .   (no shield)
rNeg     . . .     Spirit   .   b - +0 leather armour
rPois    .         Reflect  .   c - +0 helmet
rElec    .         Harm     .   (no cloak)
rCorr    .                      (no gloves)
MR       .....                  (no boots)
Stlth    +.........             (no amulet)
HPRegen  0.27/turn              (no ring)
MPRegen  0.08/turn              (no ring)

@: regenerating quickly
A: fangs 3, see invisible, unbreathing
a: Exsanguinate


You were on level 2 of the Dungeon.
You visited 1 branch of the dungeon, and saw 2 of its levels.

You collected 54 gold pieces.

Inventory:

Hand Weapons
 a - a +0 long sword (weapon)
Missiles
 d - 3 throwing nets (quivered)
Armour
 b - a +0 leather armour (worn)
 c - a +0 helmet (worn)
Scrolls
 e - a scroll of amnesia {unknown}
Potions
 f - a potion of brilliance {unknown}


   Skills:
 + Level 2.2 Fighting
 + Level 3.2 Long Blades
 + Level 1.6 Throwing
 + Level 3.4 Dodging


You had one spell level left.
You didn't know any spells.
Your spell library was empty.

Dungeon Overview and Level Annotations

Branches:
Dungeon (2/15)

Altars:

Annotations:
D:2 Natasha


Innate Abilities, Weirdness & Mutations

Your natural rate of healing is unusually fast.
You have razor-sharp teeth.
You have supernaturally acute eyesight. (SInv)
You can survive without breathing.


Message History

Natasha wildly gestures.
Natasha shimmers violently.
Natasha barely misses you.
You barely miss Natasha. Natasha closely misses you.
You barely miss Natasha. Natasha claws you. Natasha barely misses you.
You riposte.
You hit Natasha.
Natasha is moderately wounded.
You closely miss Natasha.
Natasha is moderately wounded.
Natasha claws you but does no damage. Natasha misses you.
You hit Natasha.
Natasha is heavily wounded.
Natasha stares at you and mumbles some strange words.
The magic dart hits you!
* * * LOW HITPOINT WARNING * * *
Natasha casts a spell.
Unknown command.
Natasha casts a spell at you. The magic dart hits you!
You die...

...... .... ..)#.
...... .... #.#..
... ###### #....
..#...... +.... #+#
......
#...##.###..##.# .
#.$......<....#
....#...@.###.#####
.......h..# #...
.......#.....####
........5....#
.............#
..........####
..........#
####......# ....
...


You could see Natasha (fast) and a crimson imp (summoned).

Vanquished Creatures
  A goblin (D:1)
  2 hobgoblins (D:1)
  4 jackals (D:1)
  3 bats (D:1)
10 creatures vanquished.

Notes
Turn   | Place    | Note
-------+----------+-------------------------------------------
     0 | D:1      | dvd2 the Vampire Gladiator began the quest for the Orb.
     0 | D:1      | Reached XP level 1. HP: 16/16 MP: 1/1
     2 | D:1      | Noticed a minotaur
     4 | D:1      | Noticed an elf
     4 | D:1      | Noticed a demonspawn
     6 | D:1      | Noticed a centaur
     6 | D:1      | Noticed an ogre
     8 | D:1      | Noticed a dwarf
     8 | D:1      | Noticed a spriggan
    10 | D:1      | Noticed a halfling
    10 | D:1      | Noticed a vampire
    12 | D:1      | Noticed an octopode
    12 | D:1      | Noticed a demigod
    14 | D:1      | Noticed a tengu
    14 | D:1      | Noticed a vine stalker
    16 | D:1      | Noticed a formicid
    18 | D:1      | Noticed a human
    18 | D:1      | Noticed a merfolk
    20 | D:1      | Noticed a troll
    22 | D:1      | Noticed a gargoyle
    22 | D:1      | Noticed a felid
    24 | D:1      | Noticed a ghoul
    26 | D:1      | Noticed a naga
    26 | D:1      | Noticed a draconian
   247 | D:1      | Reached XP level 2. HP: 20/22 MP: 2/2
   832 | D:2      | Noticed Natasha
   842 | D:2      | Noticed a crimson imp
   842 | D:2      | Killed from afar by Natasha

Illustrated notes

Levels and vault maps discovered:
D:1:      kb_arrival_jail, layout_basic
D:2:      layout_basic, uniq_crazy_yiuf_cottage, uniq_natasha

Skill      XL: |  1 |
---------------+----+-----
Fighting       | 2 |  2.2
Long Blades    | |  3.2
Throwing       | |  1.6
Dodging        | |  3.4

Action                   || total
-------------------------++-------
Melee: Long sword        ||    33
       Bite              ||     2
Armor: Leather armour    ||    10
Dodge: Dodged            ||    36
       Rpst.: Long sword ||    14

Table legend: (Time is in decaauts)
 A = Elapsed time spent in this place.
 B = Non-inter-level travel time spent in this place.
 C = Inter-level travel time spent in this place.
 D = Time resting spent in this place.
 E = Time spent auto-exploring this place.
 F = Levels seen in this place.
 G = Mean time per level.
                   A        B        C        D        E       F      G
               +--------+--------+--------+--------+--------+-----+--------+
         Total |    850 |    840 |     10 |      0 |    750 |   2 |  425.0 |
       Dungeon |    850 |    840 |     10 |      0 |    750 |   2 |  425.0 |
               +--------+--------+--------+--------+--------+-----+--------+

Top non-repeatable levels by time:
     D:1: 837 daAuts
     D:2: 13 daAuts
